 Dungeon Crawl Stone Soup version 0.24.0-41-g2ae2f7f1be (webtiles) character file.

Game seed: 11805580930360534278, levelgen mode: deterministic

20 Gwanngwann the Chiller (level 2, -1/20 HPs)
             Began as a Draconian Ice Elementalist on Dec 13, 2019.
             Killed from afar by a dart slug (3 damage)
             ... with a slug dart
             ... on level 1 of the Dungeon.
             The game lasted 00:04:32 (272 turns).

Gwanngwann the Chiller (Draconian Ice Elementalist)  Turns: 272, Time: 00:04:33

Health: -1/20      AC:  4    Str: 10    XL:     2   Next: 58%
Magic:  5/5        EV: 12    Int: 15    God:
Gold:   19         SH:  0    Dex: 11    Spells: 4/5 levels left

rFire    . . .     SeeInvis .   h - +0 short sword
rCold    . . .     Gourm    .   (no shield)
rNeg     . . .     Faith    .   (armour unavailable)
rPois    .         Spirit   .   (helmet restricted)
rElec    .         Reflect  .   (no cloak)
rCorr    .         Harm     .   (no gloves)
MR       .....                  (no boots)
Stlth    ++........             (no amulet)
HPRegen  0.06/turn              (no ring)
MPRegen  0.09/turn              (no ring)

@: no status effects
A: unfitting armour, cold-blooded, AC +4
a: no special abilities


You were on level 1 of the Dungeon.
You were not hungry.

You visited 1 branch of the dungeon, and saw 1 of its levels.

You collected 19 gold pieces.

Inventory:

Hand Weapons
 c - a +0 dagger
 h - a +0 short sword (weapon)
Missiles
 e - 15 poisoned darts (quivered)
Armour
 i - a +0 leather armour
Scrolls
 a - 3 scrolls of enchant armour {unknown}
 f - a scroll of identify {unknown}
 g - a scroll of teleportation {unknown}
Potions
 j - a potion of mutation {unknown}
Comestibles
 b - a ration
 d - 2 chunks of flesh


   Skills:
 + Level 0.3 Short Blades
 + Level 2.0 Dodging
 + Level 1.8 Stealth
 + Level 2.4 Spellcasting
   Level 1.0 Conjurations
 + Level 3.3 Ice Magic


You had 4 spell levels left.
You knew the following spells:

 Your Spells              Type           Power        Failure   Level  Hunger
a - Freeze                Ice            ##..         5%          1    #......

Your spell library contained the following spells:

 Spells                   Type           Power        Failure   Level  Hunger
 Throw Frost              Conj/Ice       #.....       13%         2    ###....
 Ozocubu's Armour         Chrm/Ice       #.......     32%         3    ###....
 Throw Icicle             Conj/Ice       #.......     65%         4    #####..
 Summon Ice Beast         Ice/Summ       #.......     71%         4    #####..


Dungeon Overview and Level Annotations

Branches:
Dungeon (1/15)

Altars:


Innate Abilities, Weirdness & Mutations

Your plain brown scales are hard. (AC +4)
You cannot fit into any form of body armour.
You are cold-blooded and may be slowed by cold attacks.


Message History

The slug dart hits you. The leopard gecko barely misses you.
You closely miss the leopard gecko. The leopard gecko bites you.
The dart slug bites you.
You hit the leopard gecko.
The leopard gecko is severely wounded.
The leopard gecko closely misses you. The dart slug bites you.
* * * LOW HITPOINT WARNING * * *
You miss the leopard gecko. You tail-slap the leopard gecko.
You kill the leopard gecko!
You hit the hobgoblin.
The hobgoblin is heavily wounded.
The hobgoblin hits you.
* * * LOW HITPOINT WARNING * * *
The dart slug bites you.
* * * LOW HITPOINT WARNING * * *
You hit the hobgoblin.
You kill the hobgoblin!
The dart slug launches a dart at you. The slug dart hits you.
You die...

..K...# ......# g.....# ##
..... ... ...! .... ..#
.....#########..##
............@....#
##......w...# #..........#
#.########## # ########
#..♣.♣.♣r♣.♣.♣.♣.♣.♣.♣. ##
##### #......................
#.
.....##..♣.8.8.♣.♣.♣.♣.♣.8.8.
.##
#....#####################
..#
###.......................


You could see a dart slug.

Vanquished Creatures
  An ooze (D:1)
  A leopard gecko (D:1)
  4 bats (D:1)
  A goblin (D:1)
  A hobgoblin (D:1)
  A frilled lizard (D:1)
  4 kobolds (D:1)
  3 rats (D:1)
16 creatures vanquished.

Notes
Turn   | Place    | Note
-------+----------+-------------------------------------------
     0 | D:1      | Gwanngwann the Draconian Ice Elementalist began the quest
                  | for the Orb.
     0 | D:1      | Reached XP level 1. HP: 14/14 MP: 3/3
   164 | D:1      | Reached XP level 2. HP: 13/20 MP: 5/5
   272 | D:1      | Killed from afar by a dart slug

Levels and vault maps discovered:
D:1:      minmay_arrival_jagged, layout_rooms, chequers_avenue

Skill      XL: |  1 |
---------------+----+-----
Dodging        | 2 |  2.0
Short Blades   | |  0.3
Stealth        | |  1.8
Spellcasting   | |  2.4
Conjurations   | |  1.0
Ice Magic      | |  3.3

Action                   || total
-------------------------++-------
Melee: Dagger            ||    12
       Unarmed           ||     6
       Short sword       ||    26
       Tailslap          ||     5
 Cast: Freeze            ||     4
 Stab: Sleeping          ||     1
Armor: Skin              ||    21
Dodge: Dodged            ||    39
